 Dungeon Crawl Stone Soup version 0.30.1-11-g7821555f0a (webtiles) character file.

Game seed: 1003117583661020971

144 Peloso the Covered (level 5, -2/46 HPs)
             Began as a Minotaur Fighter on Nov 5, 2023.
             Slain by an orc wizard
             ... wielding a +0 dagger
              (3 damage)
             ... on level 3 of the Dungeon.
             The game lasted 00:05:07 (2127 turns).

Peloso the Covered (Minotaur Fighter)               Turns: 2127, Time: 00:05:09

Health: -2/46      AC:  7    Str: 19 (20) XL:     5   Next: 5%
Magic:  4/4        EV:  9    Int:  4 (5)  God:
Gold:   89         SH:  4    Dex: 10 (12) Spells: 4/4 levels left

rFire   . . .        a - +0 long sword
rCold   . . .        c - +0 buckler
rNeg    . . .        b - +0 scale mail
rPois   .            (helmet restricted)
rElec   .            (no cloak)
rCorr   .            (no gloves)
SInv    .            (no boots)
Will    .....        (no amulet) Stlth
                     (no ring)
HPRegen 0.27/turn    (no ring)
MPRegen 0.09/turn

%: no passive effects
@: no status effects
A: horns 2, retaliatory headbutt
a: no special abilities


You were on level 3 of the Dungeon.
You visited 1 branch of the dungeon, and saw 3 of its levels.

You collected 89 gold pieces.

Inventory:

Hand Weapons
 a - a +0 long sword (weapon)
Missiles
 l - a throwing net (quivered)
Armour
 b - a +0 scale mail (worn)
 c - a +0 buckler (worn)
Jewellery
 h - a +6 ring of strength
 i - a ring of fire
Scrolls
 e - a scroll of torment {unknown}
Potions
 d - a potion of might
 f - 2 potions of curing
 g - 2 potions of mutation {unknown}
 j - a potion of degeneration
 k - a potion of lignification
 m - a potion of brilliance {unknown}


   Skills:
 + Level 4.2 Fighting
 + Level 4.0 Long Blades
 + Level 5.1 Armour
 + Level 0.5 Dodging
 + Level 4.3 Shields


You had 4 spell levels left.
You didn't know any spells.
Your spell library was empty.

Dungeon Overview and Level Annotations

Branches:
Dungeon (3/15)

Altars:


Innate Abilities, Weirdness & Mutations

You have a pair of horns on your head.
You reflexively headbutt those who attack you in melee.


Message History

You feel less confused. Something completely misses you.
The orc barely misses you.
You miss something.
The orc hits you with a +2 mace of protection.
You hear some strange, mumbled words.
Something tries to affect you, but you resist.
You miss something. Something hits you. The orc closely misses you.
The orc hits you with a +2 mace of protection.
Something hits you.
You miss something. Your headbutt misses something. Something hits you.
The orc hits you with a +2 mace of protection!
You miss something. The orc hits you but does no damage.
Something hits you but does no damage.
You miss something. Your headbutt misses something.
Something hits you but does no damage. The orc hits you but does no damage.
You hit something but do no damage. Something hits you.
* * * LOW HITPOINT WARNING * * *
The orc misses you. The orc hits you but does no damage.
You block something's attack.
Unknown command.
You slash the orc!
You kill the orc!
Something hits you but does no damage.
Unknown command.
You closely miss something.
You hear some strange, mumbled words.
A magic dart appears from out of thin air!
The magic dart hits you.
* * * LOW HITPOINT WARNING * * *
You hit something. Your headbutt misses something.
Something hits you but does no damage.
You miss something. Something hits you but does no damage.
Unknown command.
You barely miss something.
You hear some strange, mumbled words.
A magic dart appears from out of thin air!
The magic dart hits you!
* * * LOW HITPOINT WARNING * * *
Something hits you.
You die...

#.# #.# #.# #.#
#######.# #.....#.#
#@.#.#############
#{)...............
#.##).#.#####....^.##
#.....#.# #......#
#######.#####......#
...................#
#####....####).....#
#....# #......#
#....# #......#


There were no monsters in sight!

Vanquished Creatures
  An iguana (D:2)
  4 gnolls
  2 adders (D:2)
  A dart slug (D:1)
  4 orcs (D:3)
  4 bats
  3 endoplasms
  7 hobgoblins
  4 kobolds
  A quokka (D:1)
  8 ball pythons
  6 frilled lizards
  7 goblins
  3 rats
55 creatures vanquished.

Notes
Turn   | Place    | Note
-------+----------+-------------------------------------------
     0 | D:1      | Peloso the Minotaur Fighter began the quest for the Orb.
     0 | D:1      | Reached XP level 1. HP: 19/19 MP: 0/0
   130 | D:1      | Reached XP level 2. HP: 27/27 MP: 1/1
   249 | D:1      | Reached skill level 4 in Armour
  1033 | D:2      | Reached XP level 3. HP: 31/33 MP: 2/2
  1281 | D:2      | Reached XP level 4. HP: 20/40 MP: 3/3
  1905 | D:2      | Reached skill level 5 in Armour
  2010 | D:3      | Reached XP level 5. HP: 45/46 MP: 4/4
  2127 | D:3      | HP: 1/46 [something/magic dart (9)]
  2127 | D:3      | Slain by an orc wizard

Illustrated notes

Levels and vault maps discovered:
D:1:      minmay_arrival_shattered_statue, layout_basic
D:2:      layout_basic, serial_corexii_hall, chequers_hall_statues_wall_a,
          corexii_hall_statues_x
D:3:      layout_basic, ebering_ecumenical_altar_webs, uniq_ijyb

Skill      XL: |  1  2  3  4 |
---------------+-------------+-----
Armour         | 4 5 |  5.1
Shields        | 4 |  4.3
Fighting       | 4 |  4.2
Long Blades    | 3 4 |  4.0
Dodging        | |  0.5

Action                     |  1- 3 |  4- 6 || total
---------------------------+-------+-------++-------
  Melee: Long sword        |    78 |    57 ||   135
         Headbutt          |     9 |     8 ||    17
    Use: Potion            |     5 |       ||     5
 Armour: Scale mail        |    42 |    39 ||    81
  Dodge: Dodged            |    35 |    36 ||    71
  Block: Buckler           |    16 |    13 ||    29
